 Dungeon Crawl Stone Soup version 0.23.2 (webtiles) character file.

Game seed: 15455613500994981447

2545 teukkam the Shield-Bearer (level 9, -14/120 HPs)
             Began as a Minotaur Fighter on Apr 12, 2019.
             Was a Believer of the Shining One.
             Demolished by a two-headed ogre
             ... wielding a +0 giant spiked club
              (26 damage)
             ... on level 8 of the Dungeon on Apr 13, 2019.
             The game lasted 00:28:57 (6484 turns).

teukkam the Shield-Bearer (Minotaur Fighter)        Turns: 6484, Time: 00:28:58

Health: -14/120    AC:  7    Str: 30    XL:     9   Next: 30%
Magic:  8/8        EV:  9    Int: 11    God:    the Shining One [**....]
Gold:   418        SH: 11    Dex:  9    Spells: 8/8 levels left

rFire    . . .     SeeInvis .   E - +0 war axe
rCold    . . .     Gourm    .   c - +0 shield
rNeg     + . .     Faith    .   I - +1 leather armour "Foetudia" {rElec rPois MR-} (curse)
rPois    +         Spirit   .   (helmet restricted)
rElec    +         Reflect  .   (no cloak)
rCorr    .         Harm     .   H - +0 pair of gloves of the Game Afoot {*Slow Int+6} (curse)
MR       +....                  F - +0 pair of boots (curse)
Stlth    ..........             (no amulet)
HPRegen  0.30/turn              g - ring of protection from magic
MPRegen  0.11/turn              k - ring of protection from magic

@: berserking, glowing, very quick
A: retaliatory headbutt, horns 2
a: Divine Shield, Renounce Religion


You were on level 8 of the Dungeon.
You worshipped the Shining One.
The Shining One was pleased with you.
You were not hungry.

You visited 1 branch of the dungeon, and saw 8 of its levels.

You collected 418 gold pieces.

Inventory:

Hand Weapons
 a - a +2 war axe of flaming
 b - a +0 hunting sling
 l - a +0 whip of electrocution
 t - a +3 great sword
 y - a +4 dagger
 E - a +0 war axe (weapon)
Missiles
 h - 10 javelins (quivered)
 n - 86 sling bullets
 s - 233 stones
Armour
 c - a +0 shield (worn)
 r - a +0 chain mail
 v - a +0 ring mail
 F - a cursed +0 pair of boots (worn)
 H - the cursed +0 pair of gloves of the Game Afoot (worn) {*Slow Int+6}
   (You found it on level 8 of the Dungeon)

   It affects your intelligence (+6).
   It may slow you when you take damage.
   It has a curse placed upon it.
 I - the cursed +1 leather armour "Foetudia" (worn) {rElec rPois MR-}
   (You found it on level 8 of the Dungeon)

   It insulates you from electricity.
   It protects you from poison.
   It affects your resistance to hostile enchantments.
   It has a curse placed upon it.
Jewellery
 e - an uncursed ring of flight
 g - a ring of protection from magic (left hand)
 k - a ring of protection from magic (right hand)
Scrolls
 i - 7 scrolls of identify {unknown}
 o - 6 scrolls of teleportation
 p - 2 scrolls of amnesia {unknown}
 q - a scroll of noise {unknown}
 u - 2 scrolls of enchant armour {unknown}
 w - a scroll of random uselessness {unknown}
 x - a scroll of fear {unknown}
 C - a scroll of magic mapping {unknown}
Potions
 d - 2 potions of might
 j - 2 potions of brilliance
 z - 2 potions of haste
 A - a potion of agility
 B - a potion of curing {unknown}
 D - a potion of lignification {unknown}
Comestibles
 f - 7 rations
 G - 5 chunks of flesh


   Skills:
 + Level 7.7 Fighting
 + Level 7.1 Axes
 + Level 5.8 Slings
 + Level 7.7 Armour
 + Level 7.7 Shields


You had 8 spell levels left.
You didn't know any spells.
Your spell library contained the following spells:

 Spells                   Type           Power        Failure   Level  Hunger
 Animate Skeleton         Necr           N/A          69%         1    ##.....
 Apportation              Tloc           #.....       69%         1    ##.....
 Confusing Touch          Hex            #.....       69%         1    ##.....
 Shock                    Conj/Air       #...         69%         1    ##.....
 Summon Small Mammal      Summ           #...         69%         1    ##.....
 Swiftness                Chrm/Air       #.......     83%         2    ###....
 Confuse                  Hex            #.......     96%         3    ####...
 Gell's Gravitas          Tloc           #.........   96%         3    ####...
 Static Discharge         Conj/Air       #.......     96%         3    ####...
 Airstrike                Air            #.........   100%        4    #####..
 Petrify                  Tmut/Erth      #.......     100%        4    #####..
 Lightning Bolt           Conj/Air       #.........   100%        5    ######.
 Metabolic Englaciation   Hex/Ice        #.........   100%        5    ######.
 Yara's Violent Unravell  Hex/Tmut       #.........   100%        5    ######.


Dungeon Overview and Level Annotations

Branches:
Dungeon (8/15)             Temple (0/1) D:6
   Lair: D:8-11

Altars:
Cheibriados
Elyvilon
Gozag
Okawaru
Qazlal
Sif Muna
The Shining One


Innate Abilities, Weirdness & Mutations

You reflexively headbutt those who attack you in melee.
You have a pair of horns on your head.


Message History

You hit the two-headed ogre.
You headbutt the two-headed ogre, but do no damage.
The two-headed ogre is lightly wounded.
The two-headed ogre hits you with a +0 giant spiked club!
You block the two-headed ogre's attack.
You hit the two-headed ogre but do no damage.
The two-headed ogre hits you with a +0 giant spiked club!
* * * LOW HITPOINT WARNING * * *
You block the two-headed ogre's attack.
You hit the two-headed ogre but do no damage.
You block the two-headed ogre's attack.
The two-headed ogre hits you with a +0 giant club!
* * * LOW HITPOINT WARNING * * *
A red film seems to cover your vision as you go berserk!
You feel yourself moving faster!
You feel mighty!
You slash the two-headed ogre!
Your headbutt misses the two-headed ogre.
The two-headed ogre is lightly wounded.
The two-headed ogre hits you with a +0 giant spiked club!!
You die...

#........#
+........#
#........########
#...............#
#...............#
#...............#
###'#...........#
#..#...........#
#@.#...........#
#...O..#....########
#...#..#....#
#...#..##+### #..
#... #.. #...+ ..
#..## ... #..#


You could see a two-headed ogre.

Vanquished Creatures
  Sigmund (D:6)
  A wyvern (D:6)
  A hornet zombie (D:7)
  An orc warrior (D:7)
  A sky beast (D:6)
  A phantom (D:8)
  5 ogres
  2 centaurs
  3 bullfrogs
  2 scorpions
  A howler monkey (D:5)
  4 wights (D:6)
  2 crimson imps (D:6)
  A quasit (D:7)
  An orc priest (D:4)
  3 bullfrog skeletons
  4 hounds
  A jelly (D:7)
  An iguana (D:8)
  2 orc wizards
  6 worker ants
  A hound skeleton (D:8)
  A howler monkey zombie (D:7)
  A worker ant zombie (D:6)
  7 adders
  3 oozes
  An adder skeleton (D:6)
  A worm (D:2)
  2 dart slugs
  5 leopard geckos
  14 orcs
  7 giant cockroaches
  8 goblins
  4 hobgoblins
  11 jackals
  5 quokkas
  2 ball pythons
  9 bats
  6 frilled lizards
  2 jackal skeletons
  A jackal zombie (D:6)
  7 kobolds
  A leopard gecko zombie (D:6)
  A quokka zombie (D:6)
  10 rats
154 creatures vanquished.

Notes
Turn   | Place    | Note
-------+----------+-------------------------------------------
     0 | D:1      | teukkam the Minotaur Fighter began the quest for the Orb.
     0 | D:1      | Reached XP level 1. HP: 19/19 MP: 0/0
    39 | D:2      | Found a stormy altar of Qazlal.
   110 | D:2      | Found a glowing golden altar of the Shining One.
   111 | D:2      | Found an opulent altar of Gozag.
   114 | D:2      | Found a white marble altar of Elyvilon.
   118 | D:2      | Became a worshipper of the Shining One
   309 | D:1      | Reached XP level 2. HP: 27/27 MP: 1/1
   953 | D:2      | Reached XP level 3. HP: 33/33 MP: 2/2
  1283 | D:2      | Found an iron altar of Okawaru.
  1714 | D:3      | Found a snail-covered altar of Cheibriados.
  1736 | D:3      | Reached XP level 4. HP: 40/40 MP: 3/3
  1745 | D:3      | Reached skill level 1 in Slings
  2162 | D:3      | HP: 2/41 [poisoned by an adder]
  2167 | D:3      | HP: 2/41 [poisoned by an adder]
  2173 | D:3      | HP: 1/41 [poisoned by an adder]
  2709 | D:4      | Reached XP level 5. HP: 44/47 MP: 4/4
  2729 | D:4      | Noticed an ogre
  2739 | D:4      | Killed an ogre
  2801 | D:4      | Reached XP level 6. HP: 55/55 MP: 5/5
  2807 | D:4      | Reached * piety under the Shining One
  2814 | D:4      | Reached skill level 5 in Fighting
  2814 | D:4      | Reached skill level 5 in Armour
  2814 | D:4      | Reached skill level 5 in Shields
  3152 | D:4      | Found a deep blue altar of Sif Muna.
  3563 | D:5      | Entered Level 5 of the Dungeon
  3857 | D:5      | Reached XP level 7. HP: 61/61 MP: 6/6
  4392 | D:6      | Reached skill level 5 in Axes
  4726 | D:6      | Found a staircase to the Ecumenical Temple.
  4735 | D:6      | Reached ** piety under the Shining One
  4737 | D:6      | Reached XP level 8. HP: 68/70 MP: 7/7
  5298 | D:6      | Noticed Sigmund
  5313 | D:6      | Killed Sigmund
  5635 | D:7      | Reached skill level 5 in Slings
  6089 | D:7      | Reached XP level 9. HP: 68/79 MP: 8/8
  6259 | D:8      | Got a pair of twisted gloves
  6265 | D:8      | Identified the cursed +0 pair of gloves of the Game Afoot
                  | {*Slow Int+6} (You found it on level 8 of the Dungeon)
  6294 | D:8      | Got a brightly glowing leather armour
  6305 | D:8      | Identified the cursed +1 leather armour "Foetudia" {rElec
                  | rPois MR-} (You found it on level 8 of the Dungeon)
  6478 | D:8      | Noticed a two-headed ogre
  6484 | D:8      | Demolished by a two-headed ogre

Skill      XL: |  1  2  3  4  5  6  7  8  9 |
---------------+----------------------------+-----
Shields        | 4 5 6 7 |  7.7
Armour         | 4 5 6 7 |  7.7
Fighting       | 4 5 6 7 |  7.7
Axes           | 3 4 5 6 7 |  7.1
Slings         | 1 2 3 4 5 |  5.8

Action                   |  1- 3 |  4- 6 |  7- 9 || total
-------------------------+-------+-------+-------++-------
Melee: War axe           |    99 |    95 |   168 ||   362
       Headbutt          |    15 |     9 |    38 ||    62
 Fire: Hunting sling     |     7 |     6 |    23 ||    36
Throw: Javelin           |     1 |     8 |     6 ||    15
  Use: Potion            |       |     3 |     2 ||     5
       Scroll            |       |     1 |     1 ||     2
  Eat: Chunk             |     3 |     5 |     1 ||     9
       Ration            |       |     1 |     2 ||     3
Armor: Scale mail        |    21 |       |       ||    21
       Chain mail        |    51 |     8 |     9 ||    68
       Ring mail         |       |    12 |    28 ||    40
       Leather armour    |       |       |     4 ||     4
Dodge: Dodged            |    29 |    36 |    55 ||   120
Block: Shield            |    63 |    56 |    89 ||   208
